 Dungeon Crawl Stone Soup version 0.19-a0-475-gfca3800 (webtiles) character file.

112 shklvsk the Chopper (level 4, -24/33 HPs)
             Began as a Demonspawn Skald on June 4, 2016.
             Killed from afar by a jackal (32 damage)
             ... with an exploding inner flame
             ... hexed by the player character
             ... on level 3 of the Dungeon.
             The game lasted 00:03:18 (1291 turns).

shklvsk the Chopper (Demonspawn Skald)              Turns: 1291, Time: 00:03:18

Health: -24/33     AC: 14    Str: 13    XL:     4   Next: 63%
Magic:  7/7        EV:  3    Int: 13    God:
Gold:   86         SH:  0    Dex: 12    Spells: 2 memorised, 3 levels left

rFire  . . .     SeeInvis .     i - +0 war axe
rCold  . . .     Gourm    .     h - +0 plate armour
rNeg   . . .     Faith    .     (no shield)
rPois  .         Spirit   .     (no helmet)
rElec  .         Dismiss  .     (no cloak)
rCorr  .         Reflect  .     (no gloves)
SustAt .         Harm     .     (no boots)
MR     .....                    (no amulet)
Stlth  ..........               (no ring)
                                (no ring)

@: not resistant to hostile enchantments, extremely unstealthy
A: rough black scales 1, spiny 1
a: no special abilities


You were on level 3 of the Dungeon.
You were not hungry.

You visited 1 branch of the dungeon, and saw 3 of its levels.

You collected 86 gold pieces.

Inventory:

Hand Weapons
 i - a +0 war axe (weapon)
   (You took it off an orc on level 3 of the Dungeon)
Missiles
 e - 49 stones (quivered)
Armour
 h - a +0 plate armour (worn)
   (You found it on level 1 of the Dungeon)
Scrolls
 j - 2 scrolls of teleportation
Potions
 f - 3 potions of brilliance
 k - a potion of berserk rage {!q}
 m - a potion of might {unknown}
Books
 c - a book of Battle
Comestibles
 d - 2 bread rations {@e1}
 g - a beef jerky
 l - a meat ration {@e2}


   Skills:
 - Level 2.0 Fighting
 * Level 3.9 Axes
 + Level 2.1 Armour
 - Level 0.8 Dodging
 - Level 2.0 Spellcasting
 - Level 2.6 Charms


You had 3 spell levels left.
You knew the following spells:

 Your Spells              Type           Power        Failure   Level  Hunger
a - Infusion              Chrm           #...         100%        1    ##.....
r - Regeneration          Chrm/Necr      #.........   100%        3    ####...


Dungeon Overview and Level Annotations

Branches:
Dungeon (3/15)

Altars:
Nemelex Xobeh

Annotations:
D:2 Sigmund


Innate Abilities, Weirdness & Mutations

You are partially covered in rough black scales. (AC +4, Dex -1)
You are partially covered in sharp spines.


Message History

You closely miss the goblin.
The orc shouts!
You hit the orc. The goblin hits you but does no damage.
The orc is struck by your spines. The orc hits you but does no damage.
You closely miss the goblin.
Your plate armour prevents you from hitting the orc.
The goblin barely misses you.
You hit the goblin but do no damage.
Your plate armour prevents you from hitting the orc.
The goblin is struck by your spines.
You kill the goblin!
The orc hits you but does no damage.
You hit the orc.
You kill the orc!
You hit the orc. The orc completely misses you.
The orc hits you but does no damage.
You barely miss the orc. You closely miss the orc wizard.
The orc wizard casts a cantrip, but nothing happens.
The orc barely misses you.
You hit the orc but do no damage. You closely miss the orc wizard.
The orc wizard hits you but does no damage.
Your plate armour prevents you from hitting the orc.
You hit the orc wizard.
The orc wizard is struck by your spines.
The orc wizard barely misses you. The orc is struck by your spines.
You kill the orc!
You miss the orc wizard. You closely miss the orc.
The orc is struck by your spines. The orc hits you but does no damage.
The orc wizard hits you but does no damage.
The orc hits you but does no damage.
Your plate armour prevents you from hitting the orc.
You hit the orc wizard but do no damage.
The orc wizard hits you but does no damage.
The orc is struck by your spines.
You kill the orc!
You hit the orc wizard but do no damage.
The orc wizard hits you with a dagger.
The orc wizard hits you but does no damage.
You take 1 damage, and have 32/33 hp.
You hit the orc wizard but do no damage.
The orc wizard is struck by your spines.
The orc wizard hits you but does no damage.
You hit the orc wizard but do no damage.
The orc wizard is struck by your spines.
The orc wizard hits you but does no damage.
Health restored: 33 You hit the orc wizard but do no damage.
The orc wizard is struck by your spines.
The orc wizard hits you but does no damage.
You hit the orc wizard.
You kill the orc wizard!
Your Armour skill increases to level 2!
No target in view!
Things that are here:
a war axe; an orc corpse
i - a war axe Wield which item (- for none, * to show all)? (? for menu, Esc to quit)
i - a +0 war axe (weapon)
Drop what? 13/52 slots (_ for help) (? for menu, Esc to quit)
You drop a +0 hand axe.
Things that are here:
a dagger; a robe; an orc corpse
Items here: $ )) † a club; 13 gold pieces; a dagger; a goblin corpse
Things that are here:
a whip; a chain mail; an orc corpse Autopickup is now on.
You now have 76 gold pieces (gained 13).
Things that are here:
a club; a dagger; a goblin corpse
Things that are here:
a dagger; a robe; an orc corpse Drop what? 12/52 slots (_ for help) (? for menu, Esc to quit)
You drop a +0 leather armour.
Things that are here:
a whip; a chain mail; an orc corpse
Found an escape hatch in the ceiling.
You now have 86 gold pieces (gained 10).
A jackal comes into view.
You hear the slow rusting of a very distant drain.
A bat comes into view.
You see here a scroll labeled IMNOTE NUMIEDGH.
a - a scroll labeled IMNOTE NUMIEDGH The jackal bites you.
You take 2 damage, and have 31/33 hp.
As you read the scroll labeled IMNOTE NUMIEDGH, it crumbles to dust.
The creatures around you are filled with an inner flame!
It was a scroll of immolation.
The bat hits you but does no damage. The jackal is struck by your spines.
The jackal bites you but does no damage.
You hit the bat.
The bat explodes!
The fiery explosion engulfs you!
Ouch! That really hurt!
* * * LOW HITPOINT WARNING * * *
You hit the jackal.
The jackal explodes!
The fiery explosion engulfs you!
Ouch! That really hurt!
You die...

# #. #.......>..... #
#. ..######.#.### # ##
### #....... .....#
#######..#.### ######
..#[.....).)# #
#.#.###..#)[# . #.#.#
#..#..# ..
..##.######.#.###..#..#
#
.....§§@..............#
#
#.##.######........##.#
#...###.###.# #h.<# #.#
#.# .....# # #.#
.h...... .......?...
.###########


There were no monsters in sight!

Vanquished Creatures
  An orc wizard (D:3)
  Jessica (D:2)
  An adder (D:3)
  A dart slug (D:1)
  A giant gecko (D:1)
  3 orcs (D:3)
  2 giant cockroaches (D:1)
  6 goblins
  3 hobgoblins
  A quokka (D:3)
  6 bats
  3 giant newts
  8 kobolds
  5 rats
42 creatures vanquished.

Notes
Turn   | Place    | Note
--------------------------------------------------------------
     0 | D:1      | shklvsk the Demonspawn Skald began the quest for the Orb.
     0 | D:1      | Reached XP level 1. HP: 16/16 MP: 3/3
    16 | D:1      | Reached skill level 2 in Axes
   289 | D:1      | Gained mutation: You are partially covered in sharp spines. [demonic ancestry]
   289 | D:1      | Reached XP level 2. HP: 22/22 MP: 5/5
   411 | D:1      | Reached skill level 1 in Armour
   717 | D:2      | Noticed Jessica
   734 | D:2      | Killed Jessica
   734 | D:2      | Reached skill level 3 in Axes
   734 | D:2      | Reached XP level 3. HP: 7/27 MP: 6/6
   987 | D:2      | Learned a level 3 spell: Regeneration
  1175 | D:2      | Noticed Sigmund
  1204 | D:3      | Found a sparkling altar of Nemelex Xobeh.
  1211 | D:3      | Gained mutation: You are partially covered in rough black scales. (AC +4, Dex -1) [demonic ancestry]
  1211 | D:3      | Reached XP level 4. HP: 30/33 MP: 7/7
  1258 | D:3      | Reached skill level 2 in Armour
  1291 | D:3      | HP: 8/33 [bat/exploding inner flame[the player character] (23)]
  1291 | D:3      | Killed from afar by a jackal

Vault maps used:
D:1:      minmay_arrival_five_plusses
D:2:      uniq_sigmund, uniq_jessica, uniq_terence, uniq_crazy_yiuf_cottage
D:3:      nicolae_overflow_crystal_walls, gup_sewer_entry_bubbles

Skill      XL: |  1  2  3  4 |
---------------+-------------+-----
Axes           | 2 3 |  3.9
Armour         | 1 2 |  2.1
Fighting       | |  2.0
Dodging        | |  0.8
Spellcasting   | |  2.0
Charms         | |  2.6

Action                   |  1- 3 |  4- 6 || total
-------------------------+-------+-------++-------
Melee: Hand axe          |    93 |    14 ||   107
       War axe           |       |     1 ||     1
  Use: Scroll            |     3 |     2 ||     5
  Eat: Chunk             |     1 |       ||     1
Armor: Leather armour    |    10 |       ||    10
       Plate armour      |    75 |    13 ||    88
Dodge: Dodged            |    31 |     4 ||    35

Vault maps used:
D:1:      minmay_arrival_five_plusses
D:2:      uniq_sigmund, uniq_jessica, uniq_terence, uniq_crazy_yiuf_cottage
D:3:      nicolae_overflow_crystal_walls, gup_sewer_entry_bubbles

Table legend:
 A = Turns spent in this place as a percentage of turns spent in the entire game.
 B = Non-inter-level travel turns spent in this place as a percentage of non-inter-level travel turns spent in the entire game.
 C = Inter-level travel turns spent in this place as a percentage of turns spent in this place.
 D = Turns resting spent in this place as a percentage of non-inter-level travel turns spent in this place.
 E = Turns spent auto-exploring this place as a percentage of non-inter-level travel turns spent in this place.
 F = Non-inter-level travel turns spent in this place divided by the number of levels of this place that you've seen.
                   A       B       C       D       E      F
               +-------+-------+-------+-------+-------+----------------------
         Total | 100.0 | 100.0 |   0.3 |   2.6 |   7.3 | 128.3
       Dungeon | 100.0 | 100.0 |   0.3 |   2.6 |   7.3 | 128.3
               +-------+-------+-------+-------+-------+----------------------

Table legend:
 A = Kills in this place as a percentage of kills in entire the game.
 B = Kills by you in this place as a percentage of kills by you in the entire game.
 C = Kills by friends in this place as a percentage of kills by friends in the entire game.
 D = Other kills in this place as a percentage of other kills in the entire game.
 E = Experience gained in this place as a percentage of experience gained in the entire game.
 F = Experience gained in this place divided by the number of levels of this place that you have seen.
                   A       B       C       D       E      F
               +-------+-------+-------+-------+-------+----------------------
         Total | 100.0 | 100.0 |  -nan |  -nan | 100.0 |  53.3
       Dungeon | 100.0 | 100.0 |  -nan |  -nan | 100.0 |  53.3
               +-------+-------+-------+-------+-------+----------------------
